[Event "Titled Tuesday Blitz November 29 Late 2022"]
[White "Obrien, Matthew"]
[Black "Hartikainen, Jarmo"]
[WhiteFideId "2059150"]
[BlackFideId "503134"]
[WhiteElo "2602"]
[BlackElo "2205"]
[Result "1-0"]
[Round "01"]
[TimeControl "180+1"]
[Date "2022.11.30"]
[WhiteClock "0:00:20"]
[BlackClock "0:00:02"]

1. e4 c5 2. Nf3 d6 3. d4 cxd4 4. Nxd4 Nf6 5. Nc3 Nc6 6. Bg5 e6 7. Qd2 a6 8. O-O-O Bd7 9. f3 b5 10. h4 Na5 11. a3 Nc4 12. Bxc4 bxc4 13. Qe2 Qc7 14. h5 Rb8 15. h6 Qb7 16. Kd2 Rg8 17. Qxc4 Be7 18. g4 d5 19. exd5 exd5 20. Qe2 Ne4+ 21. Nxe4 dxe4 22. Bxe7 Kxe7 23. hxg7 Rxg7 24. Rhe1 Kf8 25. Qxe4 Qxe4 26. Rxe4 Rxb2 27. Kc3 Rb8 28. Nb3 Bc6 29. Rf4 Rg6 30. Rdd4 Kg7 31. Rc4 Rb6 32. Nd4 Bd5 33. Rc7 Rb7 34. Rfxf7+ Bxf7 35. Rxb7 Rf6 36. a4 h5 37. gxh5 Kh6 38. a5 Bxh5 39. Rb6 Kg7 40. Rxf6 Kxf6 41. Kb4 Bf7 42. Kc5 Ke5 43. Nc6+ Kf4 44. Nb8 Kxf3 45. Nxa6 Bg6 46. c4 Bd3 47. Nc7 Ke4 48. a6 Ke5 49. a7 Be4 50. a8=Q Bxa8 51. Nxa8 1-0


[Site "https://www.chess.com"]

[Event "Titled Tuesday Blitz November 29 Late 2022"]
[White "Pace, Christopher"]
[Black "Barria Zuniga, Daniel"]
[WhiteFideId "2610167"]
[BlackFideId "3400816"]
[WhiteElo "2299"]
[BlackElo "2414"]
[Result "0-1"]
[Round "01"]
[TimeControl "180+1"]
[Date "2022.11.30"]
[WhiteClock "0:00:06"]
[BlackClock "0:01:21"]

1. e4 c5 2. Nf3 Nc6 3. d4 cxd4 4. Nxd4 e6 5. Nc3 Qc7 6. Be2 a6 7. O-O Na5 8. Kh1 b5 9. f4 Bb7 10. a3 Be7 11. f5 Nf6 12. Bf4 e5 13. Bg3 d6 14. Nb3 O-O 15. Nxa5 Qxa5 16. Bf3 Rfc8 17. Qd3 Rxc3 18. bxc3 Rc8 19. Be1 Rc4 20. Bd2 Nxe4 21. a4 Rxa4 22. Rxa4 Qxa4 23. c4 Qxc4 24. Qxc4 bxc4 25. Bb4 Kf8 26. Re1 d5 27. Bxe7+ Kxe7 28. Bxe4 dxe4 29. Rd1 Bc8 30. g4 g6 31. fxg6 hxg6 32. h3 f5 33. Kg2 fxg4 34. hxg4 Bxg4 35. Ra1 e3 36. Kg3 Bf5 37. Kf3 Bxc2 38. Kxe3 Bf5 39. Rxa6 c3 40. Rc6 c2 41. Rc3 Kf6 42. Kf3 Kg5 43. Kg3 Kf6 44. Rc6+ Ke7 45. Rc5 Kd6 46. Rc3 Kd5 47. Rc7 Kd4 0-1


[Site "https://www.chess.com"]

[Event "Titled Tuesday Blitz November 29 Late 2022"]
[White "Pakleza, Zbigniew"]
[Black "Gurevich, Dmitry"]
[WhiteFideId "1119290"]
[BlackFideId "2000407"]
[WhiteElo "2411"]
[BlackElo "2506"]
[Result "1-0"]
[Round "01"]
[TimeControl "180+1"]
[Date "2022.11.30"]
[WhiteClock "0:02:49"]
[BlackClock "0:02:36"]

1. d4 Nf6 2. Nf3 e6 3. Bf4 b6 4. e3 Bb7 5. h3 Be7 6. Nbd2 O-O 7. Bd3 c5 8. c3 cxd4 9. cxd4 d5 10. O-O Nc6 11. Qa4 a6 12. Rfc1 b5 13. Qd1 Na5 14. Bc7 1-0


[Site "https://www.chess.com"]

[Event "Titled Tuesday Blitz November 29 Late 2022"]
[White "Pap, Gyula"]
[Black "Bettalli, Francesco"]
[WhiteFideId "725323"]
[BlackFideId "2816453"]
[WhiteElo "2519"]
[BlackElo "2216"]
[Result "1-0"]
[Round "01"]
[TimeControl "180+1"]
[Date "2022.11.30"]
[WhiteClock "0:01:13"]
[BlackClock "0:01:46"]

1. d4 Nf6 2. c4 g6 3. Nc3 d6 4. e4 Bg7 5. Be2 O-O 6. Bg5 c5 7. d5 a6 8. a4 Qb6 9. Qd2 Nbd7 10. Nf3 h6 11. Bxh6 Bxh6 12. Qxh6 Qxb2 13. Rc1 Ng4 14. Qg5 Nde5 15. Nxe5 Nxe5 16. O-O f6 17. Qg3 Kg7 18. f4 Nf7 19. Bh5 Nh8 20. f5 g5 21. h4 Qd2 22. Rcd1 Qc2 23. hxg5 Kh7 24. Qh4 fxg5 25. Bg6+ Kg7 26. Qh7+ Kf6 27. e5+ dxe5 28. Ne4+ Qxe4 29. d6 Nf7 30. dxe7 Kxe7 31. f6+ 1-0


[Site "https://www.chess.com"]

[Event "Titled Tuesday Blitz November 29 Late 2022"]
[White "Papp, Petra"]
[Black "Abdrlauf, Elham"]
[WhiteFideId "739049"]
[BlackFideId "1533533"]
[WhiteElo "2259"]
[BlackElo "2447"]
[Result "0-1"]
[Round "01"]
[TimeControl "180+1"]
[Date "2022.11.30"]
[WhiteClock "0:00:02"]
[BlackClock "0:00:03"]

1. e4 c6 2. Nc3 d5 3. Nf3 dxe4 4. Nxe4 Nf6 5. Ng3 h5 6. Bc4 h4 7. Nf1 h3 8. g3 Bf5 9. Ne3 Bh7 10. O-O e6 11. d4 Be7 12. c3 Nbd7 13. Re1 Qc7 14. a4 O-O-O 15. Bf1 Bg6 16. Nc4 Nd5 17. a5 Bh5 18. Be2 N7f6 19. Nce5 Bd6 20. a6 b6 21. Qa4 b5 22. Qb3 Nb6 23. c4 Bxf3 24. Bxf3 Bxe5 25. dxe5 bxc4 26. Qb4 Nfd5 27. Qc5 Rhe8 28. Bg5 f6 29. exf6 gxf6 30. Be3 Qd6 31. Qa5 Qb4 32. Bxb6 Qxb6 33. Qa4 Qb5 34. Qa3 Nb6 35. Rac1 Kb8 36. Qa2 Rd6 37. Bg4 Red8 38. Bxh3 Rd2 39. Bg2 Rxb2 40. Qa1 Rdd2 41. Rf1 Qc5 42. Rb1 Rxf2 43. Rxb2 Rxb2+ 44. Kh1 Qd4 45. Rg1 c3 46. Qc1 c2 47. Qh6 Rb1 48. Qf8+ Nc8 49. Bf1 c1=Q 50. Qe7 Qxg1+ 51. Kxg1 Qxf1# 0-1


[Site "https://www.chess.com"]

[Event "Titled Tuesday Blitz November 29 Late 2022"]
[White "Pham, Khoi"]
[Black "Steinberg, Nitzan"]
[WhiteFideId "1054988"]
[BlackFideId "2801795"]
[WhiteElo "2469"]
[BlackElo "2491"]
[Result "1-0"]
[Round "01"]
[TimeControl "180+1"]
[Date "2022.11.30"]
[WhiteClock "0:00:18"]
[BlackClock "0:00:17"]

1. e4 g6 2. d4 Bg7 3. Nc3 d6 4. f4 a6 5. Nf3 b5 6. Bd3 Bb7 7. a4 b4 8. Ne2 Nd7 9. O-O c5 10. c3 Ngf6 11. Ng3 O-O 12. f5 Rc8 13. Bg5 Qb6 14. Qd2 Rfe8 15. Kh1 a5 16. Bh6 c4 17. Bc2 b3 18. Bb1 e5 19. Bxg7 Kxg7 20. Nh4 exd4 21. fxg6 fxg6 22. cxd4 Bxe4 23. Bxe4 Nxe4 24. Nxe4 Rxe4 25. Qg5 Qd8 26. Nf5+ Kh8 27. Qxd8+ Rxd8 28. Nxd6 Re7 29. Nf7+ Rxf7 30. Rxf7 Nb6 31. Re1 Nd5 32. h4 Kg8 33. Rb7 h5 34. Re6 Nf4 35. Rc6 Nd3 36. Rxg6+ Kf8 37. Rh6 Kg8 38. Rg6+ Kf8 39. Rf6+ Kg8 40. g4 c3 41. bxc3 b2 42. gxh5 Nb4 43. Rg6+ Kf8 44. Rg1 Rc8 45. h6 Rxc3 46. h7 Rh3+ 47. Kg2 Rxh4 48. Rf1+ Ke8 49. Re1+ Kd8 50. Rf1 Ke8 51. h8=Q+ Rxh8 52. Rb8+ Kd7 53. Rxh8 Kd6 54. Rb1 Nd3 55. Rh3 Nf4+ 56. Kg3 Nxh3 57. Kxh3 Kd5 58. Rxb2 Kxd4 59. Rb5 Kc4 60. Kg3 1-0


[Site "https://www.chess.com"]

[Event "Titled Tuesday Blitz November 29 Late 2022"]
[White "Pinheiro, Iung Alicio de O."]
[Black "Adury, Anant"]
[WhiteFideId "2104350"]
[BlackFideId "30964687"]
[WhiteElo "2283"]
[BlackElo "2167"]
[Result "1-0"]
[Round "01"]
[TimeControl "180+1"]
[Date "2022.11.30"]
[WhiteClock "0:00:24"]
[BlackClock "0:00:02"]

1. e4 c6 2. Nc3 d5 3. Nf3 dxe4 4. Nxe4 Nf6 5. Qe2 Nxe4 6. Qxe4 Qd5 7. Qh4 Bf5 8. Bc4 Qe4+ 9. Qxe4 Bxe4 10. Bxf7+ Kxf7 11. Ng5+ Kg6 12. Nxe4 Nd7 13. b3 Nf6 14. f3 Nxe4 15. fxe4 e6 16. Bb2 Bc5 17. Ke2 Rad8 18. Rhf1 Rd7 19. Rf3 Bd6 20. h3 Rf8 21. Raf1 Rxf3 22. Rxf3 e5 23. c3 Bc7 24. d4 h6 25. Rf5 Re7 26. Kd3 a5 27. g4 Bd6 28. h4 Kh7 29. h5 Kg8 30. Rf1 b5 31. Rf5 Re8 32. Bc1 a4 33. Be3 axb3 34. axb3 Re7 35. Bf2 Re8 36. Bg3 Re7 37. Bxe5 Bxe5 38. Rxe5 Rf7 39. Rf5 Re7 40. e5 g6 41. hxg6 h5 42. gxh5 b4 43. c4 c5 44. d5 Re8 45. e6 Re7 46. Ke4 Re8 47. Ke5 Re7 48. d6 Rg7 49. d7 Re7 50. d8=Q+ Re8 51. Qxe8+ 1-0


[Site "https://www.chess.com"]

[Event "Titled Tuesday Blitz November 29 Late 2022"]
[White "Poliakova, Varvara"]
[Black "Adel, Sara"]
[WhiteFideId "13518313"]
[BlackFideId "10616764"]
[WhiteElo "2099"]
[BlackElo "1994"]
[Result "1/2-1/2"]
[Round "01"]
[TimeControl "180+1"]
[Date "2022.11.30"]
[WhiteClock "0:00:11"]
[BlackClock "0:00:11"]

1. e4 c6 2. d4 d5 3. Nd2 dxe4 4. Nxe4 Bf5 5. Ng3 Bg6 6. h4 h6 7. Nh3 Nf6 8. Nf4 Bh7 9. Bc4 Nbd7 10. O-O Nb6 11. Bb3 Nfd5 12. c4 Nxf4 13. Bxf4 e6 14. Re1 Qxh4 15. Qf3 Be7 16. d5 cxd5 17. cxd5 exd5 18. Bd6 Nc8 19. Bxe7 Nxe7 20. Qe3 Be4 21. Nxe4 dxe4 22. Qxe4 Qxe4 23. Rxe4 Rc8 24. Rae1 Rc7 25. Ba4+ Kd8 26. Rf4 Ng6 27. Rfe4 Re7 28. Rxe7 Nxe7 29. Rd1+ Kc8 30. Rd7 Re8 31. Rxb7 Kxb7 32. Bxe8 f6 33. Kf1 Nd5 34. Ke2 Nf4+ 35. Kf3 Nd3 36. b3 Nc1 37. Kg4 Nxa2 38. Kh5 Nc1 39. Kg6 Nxb3 40. Kxg7 Nd2 41. Kxh6 Ne4 42. f4 Ng3 43. Kg6 f5 44. Kg5 a5 45. Kh4 Ne2 46. g4 fxg4 47. f5 g3 48. Bh5 Nd4 49. f6 g2 50. f7 g1=Q 51. f8=Q Qh2+ 52. Kg4 Qg2+ 53. Kh4 Qh2+ 54. Kg4 Qg2+ 55. Kh4 Qe4+ 56. Kg3 Qe5+ 57. Kh4 Qh2+ 1/2-1/2


[Site "https://www.chess.com"]

[Event "Titled Tuesday Blitz November 29 Late 2022"]
[White "Popilski, Gil"]
[Black "Iinuma, Paul Y"]
[WhiteFideId "2809060"]
[BlackFideId "2031809"]
[WhiteElo "2537"]
[BlackElo "2066"]
[Result "0-1"]
[Round "01"]
[TimeControl "180+1"]
[Date "2022.11.30"]
[WhiteClock "0:00:02"]
[BlackClock "0:00:26"]

1. Nf3 Nf6 2. c4 g6 3. Nc3 Bg7 4. e4 d6 5. d4 O-O 6. h3 e5 7. d5 Na6 8. Bg5 h6 9. Be3 Nc5 10. Nd2 a5 11. Be2 Ne8 12. g4 Bd7 13. h4 f5 14. gxf5 gxf5 15. exf5 Bxf5 16. Bxc5 dxc5 17. Bg4 Nd6 18. Qe2 e4 19. Bxf5 Nxf5 20. Ndxe4 Nd4 21. Qg4 Nc2+ 22. Kd2 Nxa1 23. Rxa1 Qc8 24. Qg3 Qf5 25. Rg1 Rf7 26. Rg2 b6 27. a3 Re8 28. Qd3 Kh8 29. Kc2 Bd4 30. Kb3 Qf3 31. Qf1 Rxe4 32. Rg3 Qxf2 33. Qxf2 Bxf2 34. Rg6 Rxh4 35. d6 cxd6 36. Rxd6 Bd4 37. Nd5 Rh3+ 38. Ka4 Rf2 39. b3 Ra2 40. Rxb6 Bb2 41. Rb8+ Kg7 42. Rb7+ Kg8 43. Ne7+ Kf8 44. Ng6+ Ke8 45. Re7+ Kd8 46. Rh7 Rxa3+ 47. Kb5 Rhxb3+ 48. Kc6 Rg3 49. Rxh6 Bg7 50. Rh5 Rxg6+ 51. Kb7 Rd3 52. Rf5 Rd7+ 53. Ka8 Re6 54. Kb8 Re8 55. Rf7 Rxf7 0-1


[Site "https://www.chess.com"]

[Event "Titled Tuesday Blitz November 29 Late 2022"]
[White "Postnikov, Daniil"]
[Black "Rose, Felix"]
[WhiteFideId "4166329"]
[BlackFideId "5105722"]
[WhiteElo "2261"]
[BlackElo "2039"]
[Result "1-0"]
[Round "01"]
[TimeControl "180+1"]
[Date "2022.11.30"]
[WhiteClock "0:01:20"]
[BlackClock "0:00:15"]

1. e4 c5 2. a3 g6 3. h4 Nf6 4. e5 Nd5 5. d4 cxd4 6. Qxd4 e6 7. h5 Nc6 8. Qe4 Bg7 9. Nf3 Qc7 10. c4 Nde7 11. Bf4 g5 12. h6 Bxh6 13. Rxh6 gxf4 14. Nc3 Ng6 15. Nb5 Qa5+ 16. Kd1 a6 17. Nd6+ Ke7 18. Rh5 Qc5 19. Ke1 Qa5+ 20. Kd1 Qc5 21. Ke2 Qb6 22. b4 Qc7 23. c5 b6 24. Ng5 bxc5 25. Ngxf7 cxb4 26. Nxh8 Nxh8 27. Rxh7+ 1-0


[Site "https://www.chess.com"]

[Event "Titled Tuesday Blitz November 29 Late 2022"]
[White "Pranav, V"]
[Black "Reprintsev, Alexander"]
[WhiteFideId "25060783"]
[BlackFideId "14100541"]
[WhiteElo "2972"]
[BlackElo "2507"]
[Result "1-0"]
[Round "01"]
[TimeControl "180+1"]
[Date "2022.11.30"]
[WhiteClock "0:00:38"]
[BlackClock "0:00:03"]

1. e4 d5 2. exd5 Qxd5 3. Nc3 Qa5 4. d4 Nf6 5. Nf3 Nc6 6. d5 Nb4 7. Bc4 e6 8. dxe6 Bxe6 9. Bxe6 fxe6 10. O-O Bd6 11. Qe2 Qf5 12. Nd4 Qe5 13. Qxe5 Bxe5 14. Nxe6 Nxc2 15. Rb1 Kf7 16. Ng5+ Kg6 17. Nf3 Rhe8 18. Bd2 Nd4 19. Nxe5+ Rxe5 20. Be3 Nf5 21. Bf4 Re7 22. h3 c6 23. Rbd1 Rae8 24. a3 Ne4 25. g4 Nh4 26. Nxe4 Rxe4 27. Bg3 Nf3+ 28. Kg2 Nd4 29. Rd3 R8e7 30. Rfd1 c5 31. b4 b6 32. bxc5 bxc5 33. Rc3 Ne2 34. Rxc5 Nxg3 35. Kxg3 Ra4 36. Rd3 h6 37. Rcc3 Kh7 38. Re3 Rf7 39. Rf3 Re7 40. Rf4 Ra5 41. a4 Re6 42. Rc7 Rea6 43. Rff7 Rg6 44. Rxa7 Rc5 45. Rac7 Ra5 46. Rc4 h5 47. Rff4 hxg4 48. hxg4 Rd6 49. Rfd4 Re6 50. Rb4 Rc6 51. Rb5 Rc3+ 52. f3 Ra6 53. a5 Ra3 54. Rh5+ Kg6 55. Rdd5 Rf6 56. Rdg5+ Kf7 57. Rf5 Rxf5 58. Rxf5+ Kg6 59. Rb5 Ra4 60. Rb6+ Kg5 61. f4+ 1-0


[Site "https://www.chess.com"]

[Event "Titled Tuesday Blitz November 29 Late 2022"]
[White "Przybylski, Wojciech"]
[Black "Corrales Jimenez, Fidel"]
[WhiteFideId "1117599"]
[BlackFideId "3506690"]
[WhiteElo "2481"]
[BlackElo "2887"]
[Result "0-1"]
[Round "01"]
[TimeControl "180+1"]
[Date "2022.11.30"]
[WhiteClock "0:00:02"]
[BlackClock "0:01:27"]

1. e4 c5 2. Nf3 d6 3. Bb5+ Nd7 4. a4 Nf6 5. Nc3 g6 6. O-O Bg7 7. a5 O-O 8. d3 a6 9. Bc4 e6 10. Bd2 Nb8 11. e5 Ne8 12. Bb3 Nc6 13. exd6 Nxd6 14. Bg5 Qc7 15. Bf4 Qe7 16. Re1 Qd8 17. Bg5 Qd7 18. Qd2 Nf5 19. Ne4 Ncd4 20. Nxd4 Nxd4 21. Nf6+ Bxf6 22. Bxf6 h5 23. Re5 Kh7 24. Rxh5+ gxh5 25. c3 Nf5 26. Bc2 Rg8 27. d4 Qd5 28. f3 Rg6 29. Be4 Qd7 30. Be5 f6 31. Bf4 cxd4 32. cxd4 Qxd4+ 33. Qxd4 Nxd4 34. Bxg6+ Kxg6 35. Rd1 Ne2+ 0-1


[Site "https://www.chess.com"]

[Event "Titled Tuesday Blitz November 29 Late 2022"]
[White "Putnam, Liam"]
[Black "Jimenez, Joaquin"]
[WhiteFideId "30938279"]
[BlackFideId "109860"]
[WhiteElo "2082"]
[BlackElo "2163"]
[Result "1-0"]
[Round "01"]
[TimeControl "180+1"]
[Date "2022.11.30"]
[WhiteClock "0:00:39"]
[BlackClock "0:00:52"]

1. c4 Nf6 2. Nc3 g6 3. e4 d6 4. d4 Bg7 5. f3 Nc6 6. Be3 a6 7. Qd2 Rb8 8. Rc1 O-O 9. Nge2 Bd7 10. Nd1 b5 11. c5 dxc5 12. Rxc5 e6 13. Nf2 Re8 14. g3 Bf8 15. Rc1 e5 16. d5 Bb4 17. Nc3 Na5 18. b3 c6 19. Nd3 Ba3 20. Rd1 cxd5 21. Nxd5 Nxd5 22. exd5 e4 23. fxe4 Bg4 24. Rb1 Rxe4 25. Bg2 Qxd5 26. O-O Rbe8 27. Bxe4 Rxe4 28. Nf2 Qxd2 29. Bxd2 Bc5 30. Bxa5 Re2 31. Rbc1 Be3 32. Rce1 Bxf2+ 33. Rxf2 1-0


[Site "https://www.chess.com"]

[Event "Titled Tuesday Blitz November 29 Late 2022"]
[White "Quesada Perez, Yuniesky"]
[Black "Perez Rodriguez, Jennifer"]
[WhiteFideId "3504409"]
[BlackFideId "3507831"]
[WhiteElo "2878"]
[BlackElo "2479"]
[Result "1-0"]
[Round "01"]
[TimeControl "180+1"]
[Date "2022.11.30"]
[WhiteClock "0:00:12"]
[BlackClock "0:00:12"]

1. e4 e5 2. Nf3 Nc6 3. Bc4 Bc5 4. c3 Nf6 5. d3 d6 6. O-O a5 7. Nbd2 O-O 8. Re1 h6 9. Nf1 Bb6 10. Ng3 Be6 11. Bb5 Ne7 12. d4 c6 13. Bd3 Ng6 14. Bc2 Bg4 15. Be3 Re8 16. h3 Be6 17. Qd2 a4 18. Nf5 exd4 19. N3xd4 Bxf5 20. exf5 Ne5 21. Bxh6 gxh6 22. Qxh6 Bxd4 23. cxd4 Ned7 24. g4 Rxe1+ 25. Rxe1 Qf8 26. Qg5+ Qg7 27. Qf4 Re8 28. Re3 Rxe3 29. fxe3 Nd5 30. Qg3 Qg5 31. Kf2 N7f6 32. a3 Kg7 33. Bd3 b5 34. Ke2 Nd7 35. h4 Qe7 36. g5 f6 37. gxf6+ 1-0


[Site "https://www.chess.com"]

[Event "Titled Tuesday Blitz November 29 Late 2022"]
[White "Radovanovic, Dusan"]
[Black "Suder, Jakub"]
[WhiteFideId "926868"]
[BlackFideId "1195310"]
[WhiteElo "2341"]
[BlackElo "2243"]
[Result "0-1"]
[Round "01"]
[TimeControl "180+1"]
[Date "2022.11.30"]
[WhiteClock "0:00:07"]
[BlackClock "0:00:08"]

1. e4 c5 2. Nf3 e6 3. d4 cxd4 4. Nxd4 Nc6 5. Nc3 Nf6 6. Ndb5 d6 7. Bf4 e5 8. Bg5 a6 9. Na3 Be6 10. Nc4 Rb8 11. Bxf6 Qxf6 12. Ne3 Qd8 13. Ncd5 Be7 14. Nxe7 Nxe7 15. Bc4 O-O 16. O-O b5 17. Bb3 a5 18. Qd2 a4 19. Bxe6 fxe6 20. Rad1 Rb6 21. Qb4 Qb8 22. Rd2 Rd8 23. Rfd1 Nc6 24. Rxd6 Nxb4 25. Rxd8+ Qxd8 26. Rxd8+ Kf7 27. c3 Nxa2 28. Ng4 Rb7 29. Nxe5+ Kf6 30. Nd3 b4 31. cxb4 Nxb4 32. e5+ Kf5 33. Rf8+ Kg5 34. f4+ Kg6 35. Nc5 Rc7 36. Nxe6 Rc1+ 37. Kf2 Nd3+ 38. Ke3 Nxb2 39. f5+ Kh6 40. g4 a3 41. Ra8 Rc3+ 42. Kd4 Rd3+ 43. Ke4 Rb3 44. h4 Rb4+ 45. Nd4 Na4 46. Ra6+ g6 47. fxg6 hxg6 48. h5 a2 49. Rxg6+ Kh7 0-1


[Site "https://www.chess.com"]

[Event "Titled Tuesday Blitz November 29 Late 2022"]
[White "Rian, Kapriaga"]
[Black "Nasuta, Grzegorz"]
[WhiteFideId "7103263"]
[BlackFideId "1141686"]
[WhiteElo "2343"]
[BlackElo "2440"]
[Result "0-1"]
[Round "01"]
[TimeControl "180+1"]
[Date "2022.11.30"]
[WhiteClock "0:00:10"]
[BlackClock "0:00:30"]

1. d4 d5 2. Nf3 c6 3. Bf4 Bf5 4. e3 e6 5. Bd3 Bxd3 6. cxd3 Nf6 7. O-O Nbd7 8. Nc3 Be7 9. e4 O-O 10. h3 Qb6 11. Qd2 Rfd8 12. Rfe1 Nf8 13. Rad1 Ng6 14. Bh2 Qa6 15. a3 h6 16. Qc2 Rac8 17. Qb3 Qb6 18. Qc2 Qa6 19. Qb3 b6 20. Qc2 Bf8 21. Qb3 Qb7 22. Rc1 Nd7 23. exd5 exd5 24. Re2 Qa6 25. Qc2 Be7 26. Rce1 Bf6 27. Ne5 Bxe5 28. dxe5 Nc5 29. d4 Ne6 30. Qd2 c5 31. dxc5 Rxc5 32. f4 Nh4 33. Bg3 Nf5 34. Bf2 Rc4 35. g4 Nfd4 36. f5 Nf3+ 37. Kg2 Nxd2 38. Rxd2 Ng5 39. Nxd5 Qb7 40. Red1 Kh7 41. Kg3 Ne4+ 0-1


[Site "https://www.chess.com"]

[Event "Titled Tuesday Blitz November 29 Late 2022"]
[White "Riehle, Marco"]
[Black "Seletsky, Grigory"]
[WhiteFideId "12904392"]
[BlackFideId "14112191"]
[WhiteElo "2462"]
[BlackElo "2492"]
[Result "0-1"]
[Round "01"]
[TimeControl "180+1"]
[Date "2022.11.30"]
[WhiteClock "0:00:40"]
[BlackClock "0:00:07"]

1. e4 e6 2. c4 d5 3. cxd5 exd5 4. Qb3 c6 5. e5 Bc5 6. Nf3 Ne7 7. d4 Bb6 8. Bd3 Bf5 9. O-O Qd7 10. Bg5 Bxd3 11. Qxd3 Na6 12. a3 Nc7 13. Nc3 O-O 14. Na4 Qf5 15. Qd2 Ng6 16. b4 Ne6 17. Nc5 Bxc5 18. bxc5 b5 19. Be3 a5 20. h3 h5 21. Qe2 Ngf4 22. Bxf4 Nxf4 23. Qe3 g5 24. Rae1 Rfe8 25. h4 g4 26. Nd2 Kg7 27. g3 Ne6 28. f3 b4 29. a4 Re7 30. Kg2 Rg8 31. fxg4 Qxg4 32. Nf3 Kf8 33. Qf2 Nf4+ 34. Kg1 Nh3+ 35. Kg2 Nxf2 36. Kxf2 Qxg3+ 37. Ke2 Rg4 38. Ng5 Rf4 39. Rg1 Qxh4 40. Nh7+ Ke8 41. Nf6+ Rxf6 42. Kd2 Rf2+ 43. Re2 Rxe2+ 44. Kxe2 Qe4+ 45. Kf1 Qxd4 46. Rg8+ Kd7 47. Rg3 Qxe5 48. Kg2 Qe2+ 49. Kh3 Re3 50. Rxe3 Qxe3+ 51. Kh2 d4 0-1


[Site "https://www.chess.com"]

[Event "Titled Tuesday Blitz November 29 Late 2022"]
[White "Rodriguez Fontecha, Marcos"]
[Black "Howell, David W L"]
[WhiteFideId "2256576"]
[BlackFideId "410608"]
[WhiteElo "2509"]
[BlackElo "2972"]
[Result "0-1"]
[Round "01"]
[TimeControl "180+1"]
[Date "2022.11.30"]
[WhiteClock "0:00:13"]
[BlackClock "0:00:14"]

1. Nf3 e6 2. d4 Nf6 3. g3 b5 4. Bg2 Bb7 5. a4 b4 6. a5 c5 7. O-O Na6 8. Qd3 Qc8 9. c4 cxd4 10. Nxd4 Nc5 11. Qc2 Bxg2 12. Kxg2 Qb7+ 13. f3 Be7 14. e4 O-O 15. b3 Rfc8 16. Bb2 d5 17. exd5 exd5 18. Nf5 dxc4 19. Nxe7+ Qxe7 20. bxc4 Rd8 21. Nd2 Nd3 22. Bxf6 Qe2+ 23. Kg1 Nf4 24. gxf4 Rxd2 25. Qxd2 Qxd2 26. Bh4 b3 27. Rfd1 Qxf4 28. Bf2 h5 29. c5 Qxf3 30. Rac1 Rc8 31. Rd4 Rc6 0-1


[Site "https://www.chess.com"]

[Event "Titled Tuesday Blitz November 29 Late 2022"]
[White "Romero Ruscalleda, Josep"]
[Black "Leitao, Rafael"]
[WhiteFideId "2231859"]
[BlackFideId "2101246"]
[WhiteElo "2183"]
[BlackElo "2609"]
[Result "1-0"]
[Round "01"]
[TimeControl "180+1"]
[Date "2022.11.30"]
[WhiteClock "0:00:32"]
[BlackClock "0:00:44"]

1. e4 c5 2. c3 Nf6 3. e5 Nd5 4. Nf3 d6 5. Bc4 Nb6 6. Bb3 c4 7. Bc2 dxe5 8. Nxe5 Qd5 9. Qe2 Qxg2 10. Be4 Qh3 11. Na3 f6 12. Nexc4 Nxc4 13. Qxc4 Qd7 14. d4 Nc6 15. Bf4 a6 16. O-O-O Na5 17. Qe2 e6 18. Qh5+ g6 19. Qxa5 Kf7 20. Qc7 Qxc7 21. Bxc7 Bd7 22. Bb6 Rc8 23. d5 e5 24. Nc2 f5 25. Bg2 Bh6+ 26. Kb1 e4 27. f3 Rhe8 28. fxe4 fxe4 29. Rhf1+ Kg8 30. Rde1 e3 31. Bxe3 Bg7 32. Bd4 Bh6 33. d6 Red8 34. Bxb7 1-0


[Site "https://www.chess.com"]

[Event "Titled Tuesday Blitz November 29 Late 2022"]
[White "Rubio Tent, Francisco"]
[Black "Ibarra Jerez, Jose Carlos"]
[WhiteFideId "2238233"]
[BlackFideId "2226332"]
[WhiteElo "2501"]
[BlackElo "2931"]
[Result "0-1"]
[Round "01"]
[TimeControl "180+1"]
[Date "2022.11.30"]
[WhiteClock "0:00:02"]
[BlackClock "0:00:09"]

1. e4 c5 2. Nf3 Nc6 3. c3 Nf6 4. e5 Nd5 5. d4 cxd4 6. cxd4 d6 7. Bc4 dxe5 8. Nxe5 e6 9. O-O Bd6 10. Re1 O-O 11. a3 Qh4 12. Nf3 Qh5 13. Nc3 Rd8 14. Ne4 Bc7 15. Qc2 Nxd4 16. Nxd4 Qxh2+ 17. Kf1 Qh1+ 18. Ke2 Qxg2 19. Nf3 Bf4 20. Bxd5 exd5 21. Nf6+ Kf8 22. Nxh7+ Kg8 23. Nf6+ Kf8 24. Bxf4 b6 25. Qh7 Ba6+ 26. Kd2 Qxf2+ 27. Kc3 Rac8+ 28. Kb4 Qxb2+ 29. Ka4 Qb5# 0-1


[Site "https://www.chess.com"]

[Event "Titled Tuesday Blitz November 29 Late 2022"]
[White "Rustemov, Alexander"]
[Black "Tan, Ralph"]
[WhiteFideId "4119002"]
[BlackFideId "30966590"]
[WhiteElo "2855"]
[BlackElo "2059"]
[Result "1-0"]
[Round "01"]
[TimeControl "180+1"]
[Date "2022.11.30"]
[WhiteClock "0:01:31"]
[BlackClock "0:00:15"]

1. d4 Nf6 2. c4 g6 3. Nf3 Bg7 4. g3 O-O 5. Bg2 d6 6. Nc3 Nc6 7. O-O Nd7 8. e4 e5 9. Be3 exd4 10. Nxd4 Nb6 11. b3 a5 12. Rc1 a4 13. Ndb5 axb3 14. axb3 Nd7 15. Nd5 Ra2 16. Ndxc7 Nde5 17. Qxd6 Bg4 18. f3 Be6 19. Nxe6 fxe6 20. Qxe6+ Kh8 21. Rcd1 Qa5 22. f4 Nf7 23. Rd7 Nfd8 24. Qd5 Qb4 25. Bc5 Qxb3 26. Bxf8 Qe3+ 27. Kh1 Bxf8 28. Rxd8 Nxd8 29. Qxd8 Qc5 30. e5 1-0


[Site "https://www.chess.com"]

[Event "Titled Tuesday Blitz November 29 Late 2022"]
[White "Sabar, Ethmane Daouda"]
[Black "Adla, Diego"]
[WhiteFideId "19600097"]
[BlackFideId "100072"]
[WhiteElo "1950"]
[BlackElo "2377"]
[Result "1/2-1/2"]
[Round "01"]
[TimeControl "180+1"]
[Date "2022.11.30"]
[WhiteClock "0:00:14"]
[BlackClock "0:01:49"]

1. d4 Nf6 2. Nf3 d5 3. Nc3 c6 4. Bf4 Bf5 5. e3 e6 6. Bd3 Bxd3 7. Qxd3 Bd6 8. Ne5 O-O 9. g4 Qc7 10. g5 Nfd7 11. Nxd7 Nxd7 12. Bxd6 Qxd6 13. O-O-O e5 14. e4 dxe4 15. Nxe4 Qe7 16. Nf6+ Nxf6 17. gxf6 Qxf6 18. dxe5 Qxe5 19. Qg3 Qxg3 20. hxg3 Rfd8 21. c3 g6 22. Kc2 h5 23. f3 Kg7 24. c4 Kf6 25. g4 hxg4 26. fxg4 Kg5 27. Rdf1 f6 28. Rh7 Rd4 29. b3 b5 30. Rc7 bxc4 31. Rxc6 cxb3+ 32. axb3 Rf8 33. Ra6 Rf7 34. Ra5+ Kh6 35. g5+ Kh7 36. Rxf6 Rdd7 37. Raa6 Rxf6 38. gxf6 g5 39. b4 Kg6 40. Kc3 g4 41. Kc4 Rf7 42. Kd5 Kf5 43. b5 g3 44. Ra3 Kg4 45. Ke6 Rb7 46. f7 Rb8 47. Ke7 g2 48. Ra1 Rb7+ 49. Ke8 Rb8+ 50. Ke7 Rb7+ 51. Ke8 Rxb5 52. f8=Q Rb8+ 53. Ke7 Rxf8 54. Kxf8 Kf3 55. Ke7 a5 56. Kd6 a4 57. Kc5 a3 58. Kb4 a2 59. Kb3 Kg3 60. Kxa2 Kh2 61. Kb2 g1=Q 62. Rxg1 Kxg1 1/2-1/2


[Site "https://www.chess.com"]

[Event "Titled Tuesday Blitz November 29 Late 2022"]
[White "Sadhwani, Raunak"]
[Black "Sivakumar, Shaaketh"]
[WhiteFideId "35093487"]
[BlackFideId "30940176"]
[WhiteElo "2980"]
[BlackElo "2511"]
[Result "1-0"]
[Round "01"]
[TimeControl "180+1"]
[Date "2022.11.30"]
[WhiteClock "0:00:15"]
[BlackClock "0:00:22"]

1. e4 e6 2. d4 d5 3. exd5 exd5 4. Nf3 Nc6 5. Bb5 Bg4 6. O-O Bd6 7. Re1+ Ne7 8. h3 Bh5 9. c3 Qd7 10. Nbd2 O-O-O 11. Nf1 f6 12. Ng3 Bxf3 13. Qxf3 h5 14. Nxh5 Nf5 15. Nf4 Nh4 16. Qxd5 g5 17. Bxc6 bxc6 18. Qa5 gxf4 19. d5 Rhg8 20. Qa6+ Kb8 21. dxc6 Rxg2+ 22. Kf1 Qc8 23. Qxc8+ Kxc8 24. Re4 Rdg8 25. Ke2 Bc5 26. Rxf4 Re8+ 27. Kf1 Rh2 28. Kg1 Rg2+ 29. Kf1 Ng6 30. Kxg2 Nxf4+ 31. Bxf4 Re2 32. Bg3 Rxb2 33. h4 Kd8 34. h5 Ke7 35. Rd1 Ke6 36. Rd7 f5 37. h6 f4 38. h7 fxg3 39. h8=Q Rxf2+ 40. Kxg3 Rf8 41. Qh6+ Rf6 42. Qh3+ Ke5 43. Qh5+ Rf5 44. Rd5+ Kxd5 45. Qxf5+ Kc4 46. Kf3 Bd6 47. Qd7 Kxc3 48. Qxd6 1-0


[Site "https://www.chess.com"]